 Dungeon Crawl Stone Soup version 0.18.1-6-gd335043 (webtiles) character file.

13604 Shtopit the Grappler (level 11, 0/130 HPs)
             Began as a Demonspawn Berserker on May 20, 2016.
             Was a High Priest of Trog.
             Succumbed to Sonja's poison
             ... on level 1 of the Lair of Beasts.
             The game lasted 00:39:42 (14263 turns).

Shtopit the Grappler (Demonspawn Berserker)        Turns: 14263, Time: 00:39:43

Health: 0/130      AC: 16    Str: 24    XL:     11   Next: 77%
Magic:  9/9        EV: 12    Int: 10    God:    Trog [*****.]
Gold:   765        SH:  0    Dex: 15    Spells: 0 memorised, 10 levels left

rFire  . . .     SeeInvis .       - Unarmed
rCold  . . .     Gourm    .     N - +1 plate armour
rNeg   . . .     Faith    .     (no shield)
rPois  .         Spirit   +     (helmet restricted)
rElec  .         Dismiss  .     U - +0 cloak
rCorr  .         Reflect  .     (no gloves)
SustAt .         Harm     .     (no boots)
MR     .....                    (no amulet)
Stlth  ..........               C - ring of flight
                                (no ring)

@: berserking, lethally poisoned (0 -> -158), slowed, not resistant to hostile
enchantments, extremely unstealthy
A: antennae 1, claws 1, repulsion field 1, agile 1, foul stench 1, low mp 1,
magic shield, magic regeneration, rot immunity
a: Berserk, Trog's Hand, Brothers in Arms, Burn Spellbooks, Renounce Religion,
Evoke Flight


You were on level 1 of the Lair of Beasts.
You worshipped Trog.
Trog was extremely pleased with you.
You were not hungry.

You visited 2 branches of the dungeon, and saw 11 of its levels.

You collected 765 gold pieces.

Inventory:

Hand Weapons
 G - a +0 shortbow
 R - a +2 blowgun of evasion
Missiles
 e - 41 poisoned needles
 f - 221 arrows
 F - 2 silver javelins (quivered)
 V - 6 curare-tipped needles
Armour
 k - a +0 helmet
 N - a +1 plate armour (worn)
 U - a +0 cloak (worn)
Jewellery
 b - an uncursed ring of sustain attributes {unknown}
 i - an uncursed ring of teleportation
 C - a ring of flight (right claw)
Wands
 B - a wand of flame (25/48)
 L - a wand of acid (7/15)
 M - a wand of paralysis (10/24)
 T - a wand of lightning (4/15)
Scrolls
 h - a scroll of fear
 m - 2 scrolls of fog
 p - 2 scrolls of enchant armour
 t - a scroll of amnesia
 v - 2 scrolls of enchant weapon
 y - 2 scrolls of remove curse
 E - 3 scrolls of magic mapping
 I - a scroll of random uselessness
Potions
 r - a potion of agility
 P - a potion of magic
Books
 K - a book of Air

   Spells                             Type                      Level
   a - Shock                          Conjuration/Air              1
   b - Swiftness                      Charms/Air                   2
   c - Repel Missiles                 Charms/Air                   2
   d - Static Discharge               Conjuration/Air              3
   e - Lightning Bolt                 Conjuration/Air              5
   Trog disapproves of the use of such an item.
Comestibles
 c - 9 bread rations
 o - 5 meat rations


   Skills:
 + Level 8.9 Fighting
   Level 3.5 Long Blades
 + Level 2.2 Throwing
 + Level 9.1 Armour
 + Level 5.3 Dodging
 + Level 0.8 Stealth
 * Level 11.4 Unarmed Combat


You had 10 spell levels left.
You didn't know any spells.

Dungeon Overview and Level Annotations

Branches:
Dungeon (10/15)            Temple (0/1) D:4            Lair (1/8) D:9
    Orc (0/2) D:10

Altars:
Makhleb
Pakellas
Qazlal
Ru
Trog
Xom

Shops:
D:7 }

Annotations:
Lair:1 Sonja


Innate Abilities, Weirdness & Mutations

You have sharp fingernails.
You are surrounded by a mild repulsion field (EV +2).
You may emit foul miasma when damaged in melee.
When hurt, damage is shared between your health and your magic reserves.
You regenerate magic rapidly.
You are immune to rotting.
You have a pair of small antennae on your head.
You are agile. (Dex +2)
Your magical capacity is low (-10% MP).


Message History

You are more poisoned.
Sonja closely misses you.
You closely miss Sonja. Your claw misses Sonja.
Sonja is lightly wounded.
* * * LOW HITPOINT WARNING * * *
You feel extremely sick. Sonja hits you but does no damage.
You are more poisoned.
Sonja hits you but does no damage.
You are more poisoned.
Sonja hits you but does no damage.
You are more poisoned.
You barely miss Sonja.
Sonja is lightly wounded.
* * * LOW HITPOINT WARNING * * *
You feel extremely sick.
Sonja mumbles some strange words.
Sonja blinks!
Unknown command.
You die...

* #......# * #......## *
#.......# #.....†## ##.....<#
#.....(.# ############K..(..#
*#### ****
.(..((...((((((..[#####.#.###*,,*
...........[(.(.@............,,,,
.............................,,,,
.............................,,,,
.............................,,,,
...........................≈.,,,*
##########.#..............≈♣.****
# ###...(..#######≈≈♣**,,,
#......# *.≈≈♣*,,, #......#
*,♣≈≈≈≈**


You could see Sonja.

Vanquished Creatures
  Gastronok (Lair:1)
  2 hydras (Lair:1)
  An unseen horror (D:10)
  2 hill giants (D:10)
  A black mamba (Lair:1)
  Joseph (Lair:1)
  A two-headed ogre (D:10)
  Grinder (D:6)
  Sigmund (D:6)
  15 yaks
  A wraith (D:10)
  A hungry ghost (D:9)
  3 hippogriffs
  A water moccasin (Lair:1)
  A porcupine (Lair:1)
  A sky beast (D:9)
  3 necrophages
  3 ice beasts
  A black bear (D:9)
  2 phantoms
  6 ogres
  7 orc warriors
  5 centaurs
  2 big kobolds
  The ghost of mindo the Chiller, an amateur DEIE (D:3)
  Blork the orc (D:4)
  4 giant frogs
  5 scorpions
  5 killer bees
  4 crimson imps
  2 jellies
  2 centaur zombies
  2 giant frog zombies
  5 hounds
  6 orc priests
  3 iguanas
  A centaur skeleton (D:10)
  12 orc wizards
  6 worker ants
  3 hound skeletons
  A gnoll (D:1)
  A howler monkey skeleton (D:4)
  15 adders
  3 shadow imps
  5 white imps (Lair:1)
  An ooze (D:1)
  An adder skeleton (D:4)
  3 worms
  6 giant geckos
  37 orcs
  11 bats
  9 giant cockroaches
  5 goblins
  11 hobgoblins
  9 jackals
  2 quokkas
  3 ball pythons
  A giant newt (D:3)
  18 kobolds
  9 rats
276 creatures vanquished.

Vanquished Creatures (others)
  A rat (D:1)
  A fungus (Lair:1)
2 creatures vanquished.

Grand Total: 278 creatures vanquished

Notes
Turn   | Place    | Note
--------------------------------------------------------------
     0 | D:1      | Shtopit the Demonspawn Berserker began the quest for the Orb.
     0 | D:1      | Reached XP level 1. HP: 18/18 MP: 1/1
   249 | D:1      | Gained mutation: You are immune to rotting. [demonic ancestry]
   249 | D:1      | Reached XP level 2. HP: 16/24 MP: 2/2
   511 | D:1      | Reached XP level 3. HP: 29/29 MP: 3/3
  1041 | D:1      | Reached ** piety under Trog
  1327 | D:2      | Reached XP level 4. HP: 33/36 MP: 4/4
  2157 | D:3      | Gained mutation: You have sharp fingernails. [demonic ancestry]
  2157 | D:3      | Reached XP level 5. HP: 33/42 MP: 5/5
  2320 | D:3      | Noticed mindo's ghost (amateur DEIE)
  2335 | D:3      | Killed mindo's ghost
  2568 | D:3      | Gained mutation: When hurt, damage is shared between your health and your magic reserves. [demonic ancestry]
  2568 | D:3      | Reached XP level 6. HP: 40/48 MP: 6/6
  2606 | D:3      | Reached skill level 1 in Unarmed Combat
  2671 | D:3      | Reached *** piety under Trog
  3192 | D:4      | Got a steaming whip
  3250 | D:4      | Found a staircase to the Ecumenical Temple.
  3484 | D:4      | Noticed Blork the orc
  3495 | D:4      | Killed Blork the orc
  3495 | D:4      | Reached skill level 2 in Unarmed Combat
  3869 | D:4      | Reached XP level 7. HP: 34/55 MP: 7/7
  3913 | D:4      | Received a gift from Trog
  4351 | D:5      | Entered Level 5 of the Dungeon
  4811 | D:5      | Reached skill level 3 in Unarmed Combat
  4813 | D:5      | Noticed a hippogriff
  4830 | D:5      | Killed a hippogriff
  5182 | D:5      | Found a burning altar of Makhleb.
  5194 | D:5      | Reached skill level 5 in Fighting
  5502 | D:6      | Reached XP level 8. HP: 58/62 MP: 8/8
  5677 | D:6      | Reached skill level 5 in Armour
  5677 | D:6      | Reached skill level 4 in Unarmed Combat
  6099 | D:6      | Noticed Sigmund
  6100 | D:6      | Noticed Grinder
  6396 | D:7      | Found a stormy altar of Qazlal.
  6432 | D:7      | Found Useuwineg's Gadget Boutique.
  6486 | D:7      | Reached skill level 5 in Unarmed Combat
  7166 | D:7      | Reached **** piety under Trog
  7656 | D:8      | Reached skill level 6 in Unarmed Combat
  7656 | D:8      | Gained mutation: You regenerate magic rapidly. [demonic ancestry]
  7656 | D:8      | Reached XP level 9. HP: 61/69 MP: 6/9
  8583 | D:9      | Reached skill level 7 in Unarmed Combat
  8845 | D:9      | Found a staircase to the Lair.
  8878 | D:9      | Found a shimmering altar of Xom.
  8920 | D:9      | Found an oddly glowing altar of Pakellas.
  9025 | D:9      | Gained mutation: You have a pair of small antennae on your head. [potion of mutation]
  9025 | D:9      | Gained mutation: Your magical capacity is low (-10% MP). [potion of mutation]
  9025 | D:9      | Gained mutation: You are agile. (Dex +2) [potion of mutation]
  9239 | Lair:1   | Entered Level 1 of the Lair of Beasts
  9564 | D:9      | Reached skill level 5 in Dodging
  9564 | D:9      | Reached skill level 8 in Unarmed Combat
  9669 | Lair:1   | Gained mutation: You are surrounded by a mild repulsion field (EV +2). [demonic ancestry]
  9669 | Lair:1   | Reached XP level 10. HP: 78/79 MP: 9/9
  9677 | Lair:1   | Noticed a six-headed hydra
  9686 | Lair:1   | Killed a six-headed hydra
  9694 | Lair:1   | Noticed Joseph
  9962 | Lair:1   | Killed Joseph
 10036 | Lair:1   | Noticed Sonja
 10455 | D:6      | Paralysed by Grinder for 3 turns
 10475 | D:6      | Killed Grinder
 10475 | D:6      | Reached ***** piety under Trog
 10496 | D:6      | Killed Sigmund
 10496 | D:6      | Reached skill level 9 in Unarmed Combat
 10596 | D:6      | Found a bloodstained altar of Trog.
 10872 | D:10     | Entered Level 10 of the Dungeon
 10972 | D:10     | Found a sacrificial altar of Ru.
 11374 | D:10     | Noticed a hill giant
 11380 | D:10     | Killed a hill giant
 11696 | D:10     | Killed an unseen horror
 11696 | D:10     | Gained mutation: You may emit foul miasma when damaged in melee. [demonic ancestry]
 11696 | D:10     | Reached XP level 11. HP: 77/86 MP: 8/9
 11808 | D:10     | Reached skill level 10 in Unarmed Combat
 11986 | D:10     | Received a gift from Trog
 12411 | D:9      | HP: 2/87 [yak (6)]
 13049 | D:10     | Noticed a hill giant
 13056 | D:10     | Killed a hill giant
 13349 | D:10     | Found a staircase to the Orcish Mines.
 13513 | Lair:1   | Reached skill level 11 in Unarmed Combat
 13517 | Lair:1   | Noticed a seven-headed hydra
 13633 | Lair:1   | Noticed Gastronok
 14048 | Lair:1   | Killed Gastronok
 14048 | Lair:1   | Reached skill level 1 in Throwing
 14179 | Lair:1   | Killed a seven-headed hydra
 14263 | Lair:1   | Succumbed to Sonja's poison

Skill      XL: |  1  2  3  4  5  6  7  8  9 10 11 |
---------------+----------------------------------+-----
Dodging        | 2 3 4 5 |  5.3
Long Blades    | 3 |  3.5
Armour         | 2 3 4 6 8 9 |  9.1
Fighting       | 4 5 6 7 8 |  8.9
Unarmed Combat | 2 3 6 8 9 11 | 11.4
Throwing       | 2 |  2.2
Stealth        | |  0.8

Action                   |  1- 3 |  4- 6 |  7- 9 | 10-12 || total
-------------------------+-------+-------+-------+-------++-------
Melee: Falchion          |   111 |    85 |       |       ||   196
       Unarmed           |       |   259 |   501 |   421 ||  1181
       Punch             |       |     1 |     4 |    12 ||    17
 Fire: Blowgun           |       |       |       |    31 ||    31
Throw: Javelin           |       |       |       |     1 ||     1
Invok: Berserk           |       |     4 |     8 |    12 ||    24
       Burn Spellbooks   |       |       |     1 |       ||     1
Evoke: Wand              |       |       |       |     1 ||     1
  Use: Scroll            |       |       |    17 |     4 ||    21
       Potion            |       |       |    10 |     3 ||    13
  Eat: Chunk             |     1 |    12 |    21 |    13 ||    47
       Fruit             |       |       |     5 |       ||     5
       Pizza             |       |       |     2 |       ||     2
       Beef jerky        |       |       |     1 |     1 ||     2
       Royal jelly       |       |       |       |     4 ||     4
       Meat ration       |       |       |       |     1 ||     1
Armor: Leather armour    |    33 |       |       |       ||    33
       Animal skin       |     6 |       |       |       ||     6
       Chain mail        |     6 |   241 |   234 |       ||   481
       Plate armour      |       |       |    23 |   309 ||   332
Dodge: Dodged            |   100 |   174 |   199 |   272 ||   745
